Cogmind - Beta 11 @@@ ROGUE MODE // 2022.04.14 @ 20:57:42 Player: 600yards Result: Destroyed by S-10 Pest with Light Assault Rifle Performance ------------- Evolutions (1) 500 Regions Visited (4) 800 Robots Destroyed (5) 25 Value Destroyed (204) 204 Prototype IDs (1) 20 Alien Tech Used (0) 0 Bonus (200) 200 TOTAL SCORE: 1749 Bonus ------- Pacifist 200 Cogmind --------- Core Integrity 0/400 Matter 300/300 Energy 100/100 System Corruption 10% Temperature Cool (0) Movement Walking (610) Ox7 Location -9/Mines Parts ------- > --- POWER (1) -------- (None) > --- PROPULSION (4) --- Aluminum Leg > --- UTILITY (2) ------ Huge Storage Unit > --- WEAPON (2) ------- (None) > --- INVENTORY (25) --- Decoy Drone Bay (0/16) Peak State ------------ > --- POWER ------------ Ion Engine > --- PROPULSION ------- Aluminum Leg Aluminum Leg > --- UTILITY ---------- Decoy Drone Bay > --- WEAPON ----------- Light Assault Rifle Rocket Launcher > --- INVENTORY -------- Light Ion Engine Light Treads Light Treads Huge Storage Unit [Rating: 20] Favorites ----------- Power Ion Engine Engine Ion Engine Propulsion Aluminum Leg Treads Light Treads Leg Aluminum Leg Utility Huge Storage Unit Device Decoy Drone Bay Storage Huge Storage Unit Weapon Light Assault Rifle Ballistic Gun Light Assault Rifle Launcher Rocket Launcher Build | -11 -10 -10 -9 -9 ------- Run | Scr Mat Min Mat Min Slots Evolved 2 | . . . 2 . Power . | . . . . . Propulsion 2 | . . . 2 . Utility . | . . . . . Weapon . | . . . . . Parts Attached 17 | 7 . 1 4 5 Power 3 | 1 . . . 2 Engine 3 | 1 . . . 2 Core . | . . . . . Reactor . | . . . . . Propulsion 8 | 3 . . 3 2 Treads 3 | 1 . . 2 . Leg 5 | 2 . . 1 2 Wheel . | . . . . . Hover . | . . . . . Flight . | . . . . . Utility 3 | 1 . 1 . 1 Device 1 | . . 1 . . Storage 2 | 1 . . . 1 Processor . | . . . . . Hackware . | . . . . . Protection . | . . . . . Artifact . | . . . . . Weapon 3 | 2 . . 1 . Energy Gun . | . . . . . Energy Cannon . | . . . . . Ballistic Gun 2 | 2 . . . . Ballistic Cannon . | . . . . . Launcher 1 | . . . 1 . Special Weapon . | . . . . . Impact Weapon . | . . . . . Slashing Weapon . | . . . . . Piercing Weapon . | . . . . . Special Melee Weapon . | . . . . . Unidentified Prototypes 1 | . . 1 . . Parts Lost 6 | . . . 2 4 Power 1 | . . . . 1 Propulsion 4 | . . . 1 3 Utility . | . . . . . Weapon 1 | . . . 1 . Highest Loss Streak 3 | . . . 2 3 To Critical Strikes . | . . . . . Average Slot Usage (%) 54 | . 85 78 57 43 Engine 9 | . 14 14 11 7 Treads 8 | . . . . 15 Leg 11 | . 28 28 18 2 Device 4 | . . 12 11 . Storage 6 | . 14 1 . 11 Ballistic Gun 11 | . 28 21 11 7 Launcher 1 | . . . 5 . Naked Turns . | . . . . . Heaviest Build 85 | 12 12 21 24 85 Greatest Support 40 | 20 20 20 20 40 Greatest Overweight (x) 27 | 3 . 1 1 27 Average Overweight (x) 2 | 1 . . . 18 Largest Inventory Capacity 25 | 8 8 8 5 25 Average Capacity 15 | 7 8 5 5 24 Most Carried 8 | 8 6 8 5 4 Average Carried 4 | 4 6 5 4 3 Final Capacity 25 | 8 8 5 5 25 Final Carried 6 | 6 6 5 2 2 Class Distribution -------------------- 100% | Mutant Dominant Class ---------------- Mutant | -10/Materials Mutant | -10/Mines Mutant | -9/Materials Mutant | -9/Mines Resources | -11 -10 -10 -9 -9 ----------- Run | Scr Mat Min Mat Min Matter Collected 399 | 193 . 29 78 99 Remotely . | . . . . . Salvage Created 225 | . . . 78 147 Parts 11 | . . . 4 7 Haulers Intercepted . | . . . . . Recyclers Shooed . | . . . . . Parts Field Recycled . | . . . . . Retrieved Matter . | . . . . . Parts Self-Destructed . | . . . . . Prevented . | . . . . . Kills | -11 -10 -10 -9 -9 ------- Run | Scr Mat Min Mat Min Combat Hostiles Destroyed 5 | . . . 2 3 Melee 1 | . . . . 1 Guns 3 | . . . 1 2 AOE 1 | . . . 1 . Classes Destroyed 2 | . . . 2 . Grunt 4 | . . . 1 3 Sentry 1 | . . . 1 . Best Kill Streak 2 | . . . 1 2 Combat Bots Only 2 | . . . 1 2 Max Kills in Single Turn 1 | . . . 1 1 Gunslinging . | . . . . . Exploded 1 | . . . 1 . Melee 1 | . . . . 1 Uniques/NPCs Destroyed . | . . . . . Combat | -11 -10 -10 -9 -9 -------- Run | Scr Mat Min Mat Min Damage Taken 1399 | . . . 694 705 Core 400 | . . . 150 250 Absorbed by Shields . | . . . . . Core Remaining (%) 100 | 100 . 100 . . Volleys Fired 25 | . . . 7 18 Largest 2 | . . . 2 1 Hottest 53 | . . . 53 20 Shots Fired 28 | . . . 9 19 Gun 26 | . . . 7 19 Cannon . | . . . . . Launcher 2 | . . . 2 . Special . | . . . . . Kinetic 26 | . . . 7 19 Thermal . | . . . . . Explosive 2 | . . . 2 . Electromagnetic . | . . . . . Robot Hit Streak 3 | . . . 2 3 Robot Miss Streak 3 | . . . 3 2 Penetration Max . | . . . . . Secondary Targets . | . . . . . Shots Hit Robots 14 | . . . 4 10 Core Hits 12 | . . . 4 8 Critical Kills 1 | . . . . 1 Critical Parts Destroyed . | . . . . . Critical Strikes 1 | . . . . 1 Destroy 1 | . . . . 1 Melee Attacks . | . . . . . Impact . | . . . . . Slashing . | . . . . . Piercing . | . . . . . Sneak Attacks . | . . . . . Combat Hostiles . | . . . . . Follow-up Attacks . | . . . . . Damage Inflicted 244 | . . . 123 121 Guns 134 | . . . 23 111 Cannons . | . . . . . Explosions 100 | . . . 100 . Melee . | . . . . . Ramming 10 | . . . . 10 Kinetic 134 | . . . 23 111 Thermal . | . . . . . Explosive 100 | . . . 100 . Electromagnetic . | . . . . . Impact . | . . . . . Slashing . | . . . . . Piercing . | . . . . . Highest Corruption 10 | . . . 8 10 Average Corruption 8 | . . . 8 8 Corruption Purged . | . . . . . Corruption Blocked . | . . . . . Effects 33 | . . . 4 29 Message Errors 9 | . . . 2 7 Matter Fused 5 | . . . . 5 Heat Flow Errors 4 | . . . . 4 Energy Discharges 4 | . . . 1 3 Parts Rejected 2 | . . . . 2 Data Loss (minor) 2 | . . . . 2 Data Loss (major) 5 | . . . 1 4 Misfires 1 | . . . . 1 Alerts 1 | . . . . 1 Overload Shots . | . . . . . Overflow Damage . | . . . . . Projectiles . | . . . . . Explosions . | . . . . . Melee . | . . . . . Knockbacks . | . . . . . Impact . | . . . . . Kinetic . | . . . . . Secondary . | . . . . . Self-Inflicted Damage 33 | . . . 33 . Shots 2 | . . . 2 . Rammed 3 | . . . . 3 Targets Rammed 8 | . . . . 8 Kicked 5 | . . . . 5 Crushed . | . . . . . Highest Temperature 234 | . . . 12 234 Average Temperature 75 | . . . 6 88 Received Heat Transfer 408 | . . . 45 363 Siege Activations . | . . . . . Robots Corrupted . | . . . . . Combat Hostiles . | . . . . . Parts Fried . | . . . . . Impact Corruptions . | . . . . . Robots Melted . | . . . . . Combat Hostiles . | . . . . . Parts Melted . | . . . . . Heat Transferred . | . . . . . Parts Sabotaged . | . . . . . Parts Stolen . | . . . . . Parts Stripped . | . . . . . Power Chain Reactions . | . . . . . Missiles Intercepted . | . . . . . Alert | -11 -10 -10 -9 -9 ------- Run | Scr Mat Min Mat Min Peak Influence 129 | . 2 . 129 60 Initial 5 | . . . . 5 Average 19 | . 1 . 54 15 Maximum Alert Level . | . . . . . Low Security (%) 100 | 100 100 100 100 100 Level 1 . | . . . . . Level 2 . | . . . . . Level 3 . | . . . . . Level 4 . | . . . . . Level 5 . | . . . . . High Security . | . . . . . Max Security . | . . . . . Squads Dispatched 4 | . 1 . 3 . Investigation 4 | . 1 . 3 . Extermination . | . . . . . Reinforcement . | . . . . . Assault . | . . . . . Garrison . | . . . . . Intercept . | . . . . . Searches Triggered . | . . . . . Construction Impeded . | . . . . . Haulers Reinforced . | . . . . . Active Scanning Responses . | . . . . . Cargo Convoy Interrupts . | . . . . . Stealth | -11 -10 -10 -9 -9 --------- Run | Scr Mat Min Mat Min Distress Signals 5 | . . . 5 . Communications Jammed . | . . . . . Distress Signals . | . . . . . Times Spotted 28 | . . 3 19 6 Peak Tracking Total 8 | . . 6 8 3 Tactical Retreats 2 | . . 1 . 1 Traps | -11 -10 -10 -9 -9 ------- Run | Scr Mat Min Mat Min Traps Triggered 1 | . 1 . . . Indirectly . | . . . . . Trap Hack Attempts . | . . . . . Triggered . | . . . . . Disarmed . | . . . . . Reprogrammed . | . . . . . Reused . | . . . . . Traps Extracted . | . . . . . Installed . | . . . . . Triggered . | . . . . . Machines | -11 -10 -10 -9 -9 ---------- Run | Scr Mat Min Mat Min Machines Disabled 1 | . . . 1 . Max in Single Turn 1 | . . . 1 . Machines Sabotaged . | . . . . . Garrisons Compromised . | . . . . . Overloaded Fab Kills . | . . . . . Hacking | -11 -10 -10 -9 -9 --------- Run | Scr Mat Min Mat Min Machines Accessed 5 | . 1 1 3 . Terminals 4 | . 1 . 3 . Fabricators . | . . . . . Repair Stations . | . . . . . Recycling Units . | . . . . . Scanalyzers . | . . . . . Garrison Access . | . . . . . Total Hacks 18 | . 3 1 14 . Successful 10 | . 2 1 7 . Failed 8 | . 1 . 7 . Catastrophic . | . . . . . Database Lockouts . | . . . . . Manual . | . . . . . Terminals 17 | . 3 . 14 . Fabricators . | . . . . . Repair Stations . | . . . . . Recycling Units . | . . . . . Scanalyzers . | . . . . . Garrison Access . | . . . . . Terminal Hacks 10 | . 2 1 7 . Record 9 | . 2 . 7 . Open Door 1 | . . 1 . . Fabricator Hacks . | . . . . . Repair Station Hacks . | . . . . . Recycling Unit Hacks . | . . . . . Scanalyzer . | . . . . . Garrison Access Hacks . | . . . . . Unauthorized Hacks . | . . . . . Terminals . | . . . . . Fabricators . | . . . . . Repair Stations . | . . . . . Recycling Units . | . . . . . Scanalyzers . | . . . . . Garrison Access . | . . . . . Data Cores Recovered . | . . . . . Used . | . . . . . Hacking Detections 4 | . 1 . 3 . Full Trace Events 4 | . 1 . 3 . Feedback Events . | . . . . . Feedback Blocked . | . . . . . Robot Schematics Acquired . | . . . . . Robots Built . | . . . . . Authchips . | . . . . . Time . | . . . . . Total Robot Build Rating . | . . . . . Part Schematics Acquired . | . . . . . Parts Built . | . . . . . Authchips . | . . . . . Time . | . . . . . Total Part Build Rating . | . . . . . Parts Repaired . | . . . . . Time . | . . . . . Parts Recycled . | . . . . . Recycled Matter . | . . . . . Retrieved Matter . | . . . . . Retrieved Components . | . . . . . Parts Scanalyzed . | . . . . . Part Schematics Acquired . | . . . . . Parts Damaged . | . . . . . Bothacking | -11 -10 -10 -9 -9 ------------ Run | Scr Mat Min Mat Min Used RIF Installer . | . . . . . Robots Hacked . | . . . . . Non-combat . | . . . . . Combat . | . . . . . Robot Hacks Applied . | . . . . . Relay Couplers Released . | . . . . . Fabnet Peak Effective % . | . . . . . Robots Rewired . | . . . . . Allies Hacked . | . . . . . Hacks Repelled . | . . . . . Allies | -11 -10 -10 -9 -9 -------- Run | Scr Mat Min Mat Min Total Allies . | . . . . . Largest Group . | . . . . . Highest-Rated Group . | . . . . . Highest-Rated Ally . | . . . . . Total Orders . | . . . . . Ally Attacks . | . . . . . Total Damage . | . . . . . Kills . | . . . . . Allies Corrupted . | . . . . . Allies Melted . | . . . . . Intel | -11 -10 -10 -9 -9 ------- Run | Scr Mat Min Mat Min Robot Analysis Total . | . . . . . Derelict Logs Recovered 1 | . . 1 . . Drone Launches 16 | . . . 16 . Drone Recoveries . | . . . . . Exploration | -11 -10 -10 -9 -9 ------------- Run | Scr Mat Min Mat Min Turns Passed 1678 | 92 65 296 342 883 Spaces Moved 576 | 56 55 201 190 74 Core 76 | 33 . . . 43 Treads 6 | . . . . 6 Legs 494 | 23 55 201 190 25 Wheels . | . . . . . Hover . | . . . . . Flight . | . . . . . Fastest Speed 50 | 50 120 120 120 320 Average Speed 265 | 131 120 142 170 1050 Slowest Speed 1400 | 200 120 190 190 1400 Overloaded Moves . | . . . . . Propulsion Burnouts . | . . . . . Robots Hopped . | . . . . . Cave-ins Triggered 1 | . . . 1 . Exploration Rate (%) 24 | 4 13 42 46 17 Regions Visited 4 Branch Regions 2 Pre-discovered Areas 1 | . . 1 . . Known Exits Taken . | . . . . . Unknown Exits Taken 4 | 1 1 1 1 . Scrap Searched 1 | . . 1 . . Spaces Dug . | . . . . . Terrain Destroyed 10 | . . . 10 . Melee . | . . . . . Projectile . | . . . . . AOE 10 | . . . 10 . Terrain Rammed . | . . . . . Walls Destroyed . | . . . . . Machines Disabled . | . . . . . Actions | -11 -10 -10 -9 -9 --------- Run | Scr Mat Min Mat Min Total 648 | 74 54 212 200 108 Wait . | . . . . . Move 572 | 55 54 200 189 74 Hop . | . . . . . Pick Up 18 | 12 . 5 . 1 Fast Attach . | . . . . . Attach 14 | 6 . 1 3 4 Detach 2 | . . . . 2 Swap 3 | 1 . . 1 1 Drop 6 | . . 6 . . Fire 25 | . . . 7 18 Melee . | . . . . . Ram 3 | . . . . 3 Kick 5 | . . . . 5 Crush . | . . . . . Escape Stasis . | . . . . . Rewire . | . . . . . Trap . | . . . . . Miscellaneous . | . . . . . Route ------- -11/Scrapyard -10/Materials -10/Mines -9/Materials (discovered 3 exits: [*Mat] / [*Min x2]) -9/Mines History --------- Turn | Location | Event 3 | -11/Scrapyard | Discovered new exit (range 16) 93 | -11/Scrapyard | Entered Materials 117 | -10/Materials | Discovered new exit (range 12) 158 | -10/Materials | Entered Mines 174 | -10/Mines | Found the Drone Emporium 179 | -10/Mines | Found Prototype Device 181 | -10/Mines | Identified Decoy Drone Bay 305 | -10/Mines | Received a Rocket Launcher from a helpful Derelict 331 | -10/Mines | Build established: Mutant 353 | -10/Mines | Learned location of Storage (-7) 388 | -10/Mines | Assembled infested the area 442 | -10/Mines | Discovered new exit (range 7) 454 | -10/Mines | Entered Materials 454 | -9/Materials | Evolved 2 slots: Propulsion x2 680 | -9/Materials | Crushed by falling debris 728 | -9/Materials | Discovered new exit (range 17) 733 | -9/Materials | Discovered new exit (range 38) 750 | -9/Materials | Discovered new exit (range 90) 796 | -9/Materials | Entered Mines 1445 | -9/Mines | Core integrity fell below 50% 1459 | -9/Mines | Lost 3 parts (1p2n) 1477 | -9/Mines | System corruption reached 10% 1491 | -9/Mines | Core integrity fell below 20% 1679 | -9/Mines | Destroyed by S-10 Pest with Light Assault Rifle Last Messages --------------- 01476_ Slammed into G-34 Mercenary. 01476_ Destabilizing: System corrupted (+2). [Achievement: System Compromised] 01483_ System corrupted: Component data lost. 01489_ Slammed into G-34 Mercenary. 01498_ System corrupted: Heat flow error (+253). 01503_ Slammed into G-34 Mercenary. 01503_ G-34 Mercenary destroyed. 01504_ Acquired 50 matter. 01516_ R-06 Scavenger collects Ion Engine. 01519_ System corrupted: Matter fused (-5). 01523_ R-06 Scavenger collects Sml. Laser. 01530_ Acquired Aluminum Leg. 01534_ System corrupted: Matter fused (-5). 01560_ System corrupted: Heat flow error (+120). 01590_ RHZ0MIGYKG|XTKL0RC/M&NZ EI9#KO0Y 01628_ 4ZOMRIIWJNJPH&G9GGUI 01636_ Acquired 48 matter. 01642_ Acquired 1 matter. 01663_ PFZHJUR/&,ZUR O:SPK4JZQUQ/U5K